Cogmind - Beta 14 *** ADVENTURER MODE // 2025.03.10 @ 12:31:36 Player: Zyjem Result: Destroyed by BY-8A6(R) with Subdweller Beam Cannon Performance ------------- Evolutions (0) 0 Regions Visited (2) 400 Robots Destroyed (28) 140 Value Destroyed (651) 651 Prototype IDs (2) 40 Alien Tech Used (0) 0 Bonus (0) 0 TOTAL SCORE: 1231 Bonus ------- None Cogmind --------- Core Integrity 0/250 Matter 290/300 Energy 180/200 System Corruption 0% Temperature Cool (10) Movement Treading (160) Location -10/Subcaves Parts ------- > --- POWER (1) -------- Subdweller Power Source > --- PROPULSION (2) --- Light Treads Light Treads > --- UTILITY (2) ------ Medium Storage Unit Structural Scanner > --- WEAPON (2) ------- Medium Laser Medium Laser > --- INVENTORY (10) --- Medium Matter Pod (100) Scrap Shield Datajack Datajack Mining Laser Scrap Shield Fragment (40) Peak State ------------ > --- POWER ------------ Subdweller Power Source > --- PROPULSION ------- Light Treads Light Treads > --- UTILITY ---------- Medium Storage Unit Structural Scanner > --- WEAPON ----------- Medium Laser Datajack > --- INVENTORY -------- Heat Sink Medium Matter Pod Sensor Array Targeting Computer ECM Suite Scrap Shield Medium Laser Datajack Mining Laser [Rating: 9] Favorites ----------- Power Light Ion Engine Engine Light Ion Engine Propulsion Light Treads Treads Light Treads Leg Aluminum Leg Hover Unit Backup Propulsion I Utility Medium Storage Unit Device Structural Scanner Storage Medium Storage Unit Weapon Medium Laser Energy Gun Medium Laser Energy Cannon Beam Cannon Launcher Grenade Launcher Special Weapon Mining Laser Special Melee Weapon Datajack Build | -11 -10 -10 ------- Run | Yrd Mat Sub Slots Evolved . | . . . Power . | . . . Propulsion . | . . . Utility . | . . . Weapon . | . . . Parts Attached 32 | 6 23 3 Power 5 | 1 3 1 Engine 5 | 1 3 1 Core . | . . . Reactor . | . . . Propulsion 7 | 2 5 . Treads 3 | . 3 . Leg 4 | 2 2 . Wheel . | . . . Hover . | . . . Flight . | . . . Utility 7 | . 7 . Device 5 | . 5 . Storage 2 | . 2 . Processor . | . . . Hackware . | . . . Protection . | . . . Artifact . | . . . Weapon 13 | 3 8 2 Energy Gun 7 | 3 3 1 Energy Cannon 1 | . 1 . Ballistic Gun . | . . . Ballistic Cannon . | . . . Launcher 1 | . 1 . Special Weapon 1 | . 1 . Impact Weapon . | . . . Slashing Weapon . | . . . Piercing Weapon . | . . . Special Melee Weapon 3 | . 2 1 Unidentified Prototypes . | . . . Parts Lost 3 | . 3 . Power 1 | . 1 . Propulsion 1 | . 1 . Utility . | . . . Weapon 1 | . 1 . Highest Loss Streak 3 | . 3 . To Critical Strikes . | . . . Average Slot Usage (%) 99 | . 99 100 Engine 13 | . 13 14 Treads 17 | . 16 28 Leg 7 | . 8 . Hover 2 | . 2 . Device 14 | . 14 14 Storage 13 | . 13 14 Energy Gun 13 | . 13 14 Energy Cannon 4 | . 5 . Launcher 4 | . 4 . Special Melee Weapon 5 | . 4 13 Peak Build Rating 9 | 5 8 9 Average Rating 6 | 3 6 8 On Entrance 4 | . 5 7 Naked Turns . | . . . Heaviest Build 21 | 7 21 19 Greatest Support 40 | 20 40 40 Greatest Overweight (x) 1 | . 1 . Average Overweight (x) . | . . . Largest Inventory Capacity 10 | 5 10 10 Average Capacity 9 | 5 9 10 Most Carried 10 | 4 10 10 Average Carried 7 | 1 7 7 Final Capacity 10 | 5 10 10 Final Carried 8 | 4 8 7 Class Distribution -------------------- 100% | Mutant Dominant Class ---------------- Mutant | -10/Materials Mutant | -10/Subcaves Resources | -11 -10 -10 ----------- Run | Yrd Mat Sub Matter Collected 589 | 260 299 30 Remotely . | . . . Salvage Created 828 | 74 703 51 Parts 58 | 5 52 1 Haulers Intercepted . | . . . Recyclers Shooed . | . . . Parts Field Recycled . | . . . Retrieved Matter . | . . . Parts Self-Destructed 4 | . . 4 Prevented . | . . . Kills | -11 -10 -10 ------- Run | Yrd Mat Sub Combat Hostiles Destroyed 18 | 1 16 1 Guns 10 | 1 8 1 Cannons 5 | . 5 . AOE 3 | . 3 . Classes Destroyed 7 | 2 4 1 Worker 2 | 1 1 . Builder 3 | . 3 . Tunneler 2 | . 2 . Watcher 3 | . 3 . Swarmer 3 | . 3 . Grunt 14 | 1 13 . Subdweller 1 | . . 1 Best Kill Streak 4 | 1 4 1 Combat Bots Only 4 | 1 4 1 Max Kills in Single Turn 2 | 1 2 1 Gunslinging . | . . . Exploded 2 | . 2 . Melee . | . . . Uniques/NPCs Destroyed . | . . . Combat | -11 -10 -10 -------- Run | Yrd Mat Sub Hostile Shots Fired 119 | 2 98 19 Missed 42 | . 34 8 Damage Taken 867 | 17 652 198 Core 252 | 9 169 74 Absorbed by Shields . | . . . Ignored by Resistances 241 | 5 180 56 Regen/Repaired (Parts) 28 | . 28 . Core Remaining (%) 96 | 96 . . Volleys Fired 100 | 3 88 9 Largest 2 | 2 2 2 Hottest 150 | 90 150 100 Shots Fired 134 | 6 115 13 Gun 81 | 6 62 13 Cannon 42 | . 42 . Launcher 7 | . 7 . Special 4 | . 4 . Kinetic . | . . . Thermal 116 | 3 100 13 Explosive 7 | . 7 . Electromagnetic 11 | 3 8 . Robot Hit Streak 16 | 2 16 4 Robot Miss Streak 2 | 1 2 1 Penetration Max . | . . . Secondary Targets 2 | . 2 . Max Gunslinging Chain 1 | . 1 . Shots Hit Robots 93 | 3 80 10 Core Hits 43 | 3 37 3 Critical Kills . | . . . Critical Parts Destroyed . | . . . Critical Strikes 3 | . 3 . Burn 3 | . 3 . Melee Attacks 2 | . 2 . Impact . | . . . Slashing . | . . . Piercing . | . . . Sneak Attacks 2 | . 2 . Combat Hostiles . | . . . Follow-up Attacks . | . . . Damage Inflicted 1569 | 39 1382 148 Guns 727 | 39 540 148 Cannons 540 | . 540 . Explosions 300 | . 300 . Melee . | . . . Ramming 2 | . 2 . Kinetic . | . . . Thermal 1236 | 24 1064 148 Explosive 250 | . 250 . Electromagnetic 81 | 15 66 . Impact . | . . . Slashing . | . . . Piercing . | . . . Highest Corruption . | . . . Average Corruption . | . . . Corruption Purged . | . . . Corruption Blocked . | . . . Overload Shots . | . . . Overflow Damage 6 | . 6 . Projectiles 6 | . 6 . Explosions . | . . . Melee . | . . . Knockbacks . | . . . Impact . | . . . Kinetic . | . . . Secondary . | . . . Self-Inflicted Damage 4 | . 4 . Shots 1 | . 1 . Rammed . | . . . Targets Rammed 1 | . 1 . Kicked 1 | . 1 . Crushed . | . . . Highest Temperature 502 | 72 502 8 Average Temperature 107 | 34 112 3 Received Heat Transfer 456 | 12 372 72 Effects 11 | . 11 . Shutdowns 3 | . 3 . Energy Bleed 1 | . 1 . Interference 1 | . 1 . Damage (major) 5 | . 5 . Damage (core) 1 | . 1 . Siege Activations . | . . . Robots Corrupted . | . . . Combat Hostiles . | . . . Parts Fried . | . . . Impact Corruptions . | . . . Robots Melted . | . . . Combat Hostiles . | . . . Parts Melted 7 | . 6 1 Heat Transferred 3393 | 74 2875 444 Parts Sabotaged . | . . . Parts Stolen . | . . . Parts Stripped . | . . . Power Chain Reactions 1 | . 1 . Alert | -11 -10 -10 ------- Run | Yrd Mat Sub Peak Influence 224 | 25 224 . Initial 13 | . 13 . Average 64 | 5 69 . Maximum Alert Level 1 | . 1 . Low Security (%) 96 | 100 96 . Level 1 3 | . 3 . Level 2 . | . . . Level 3 . | . . . Level 4 . | . . . Level 5 . | . . . High Security . | . . . Max Security . | . . . Squads Dispatched 4 | . 4 . Investigation 4 | . 4 . Extermination . | . . . Reinforcement . | . . . Assault . | . . . Garrison . | . . . Intercept . | . . . Searches Triggered . | . . . Construction Impeded . | . . . Haulers Reinforced . | . . . Active Scanning Responses . | . . . Cargo Convoy Interrupts . | . . . Stealth | -11 -10 -10 --------- Run | Yrd Mat Sub Distress Signals 1 | . 1 . Communications Jammed . | . . . Distress Signals . | . . . Times Spotted 31 | 1 21 9 Peak Tracking Total 7 | 1 3 7 Tactical Retreats 2 | . 2 . Traps | -11 -10 -10 ------- Run | Yrd Mat Sub Traps Triggered 4 | . 4 . Indirectly . | . . . Trap Hack Attempts . | . . . Triggered . | . . . Disarmed 13 | . 13 . Reprogrammed . | . . . Reused . | . . . Traps Extracted . | . . . Installed . | . . . Triggered . | . . . Machines | -11 -10 -10 ---------- Run | Yrd Mat Sub Machines Disabled . | . . . Max in Single Turn . | . . . Machines Repaired . | . . . Machines Dismantled . | . . . Machines Sabotaged . | . . . Overloaded Fab Kills . | . . . Hacking | -11 -10 -10 --------- Run | Yrd Mat Sub Machines Accessed 8 | . 8 . Terminals 5 | . 5 . Fabricators . | . . . Repair Stations 1 | . 1 . Recycling Units 2 | . 2 . Scanalyzers . | . . . Garrison Access . | . . . Total Hacks 32 | . 32 . Successful 23 | . 23 . Failed 9 | . 9 . Catastrophic 2 | . 2 . Database Lockouts . | . . . Manual . | . . . Terminals 21 | . 21 . Fabricators . | . . . Repair Stations 4 | . 4 . Recycling Units 7 | . 7 . Scanalyzers . | . . . Garrison Access . | . . . Terminal Hacks 14 | . 14 . Record 6 | . 6 . Prototype ID Bank 1 | . 1 . Alert Level 1 | . 1 . Disarm Traps 3 | . 3 . Maintenance Status 1 | . 1 . Recall Investigation 1 | . 1 . Hauler Manifests 1 | . 1 . Fabricator Hacks . | . . . Repair Station Hacks 4 | . 4 . Scan Component 2 | . 2 . Repair 1 | . 1 . Refit 1 | . 1 . Recycling Unit Hacks 5 | . 5 . Recycle Component 1 | . 1 . Process 1 | . 1 . Report Inventory 2 | . 2 . Retrieve Components 1 | . 1 . Scanalyzer . | . . . Garrison Access Hacks . | . . . Unauthorized Hacks . | . . . Terminals . | . . . Fabricators . | . . . Repair Stations . | . . . Recycling Units . | . . . Scanalyzers . | . . . Garrison Access . | . . . Data Cores Recovered . | . . . Used . | . . . Hacking Detections 7 | . 7 . Full Trace Events 7 | . 7 . Feedback Events . | . . . Feedback Blocked . | . . . Robot Schematics Acquired . | . . . Robots Built . | . . . Authchips . | . . . Time . | . . . Total Robot Build Rating . | . . . Part Schematics Acquired . | . . . Parts Built . | . . . Authchips . | . . . Time . | . . . Total Part Build Rating . | . . . Parts Repaired 1 | . 1 . Time 26 | . 26 . Parts Recycled 1 | . 1 . Recycled Matter 66 | . 66 . Retrieved Matter . | . . . Retrieved Components . | . . . Parts Scanalyzed . | . . . Part Schematics Acquired . | . . . Parts Damaged . | . . . Bothacking | -11 -10 -10 ------------ Run | Yrd Mat Sub Used RIF Installer . | . . . Robots Hacked 1 | . 1 . Non-combat 1 | . 1 . Combat . | . . . Robot Hacks Applied 2 | . 2 . parse_system 1 | . 1 . no_distress 1 | . 1 . Relay Couplers Released . | . . . Fabnet Peak Effective % . | . . . Robots Rewired . | . . . Allies Hacked . | . . . Hacks Repelled . | . . . Allies | -11 -10 -10 -------- Run | Yrd Mat Sub Total Allies . | . . . Largest Group . | . . . Highest-Rated Group . | . . . Highest-Rated Ally . | . . . Total Orders . | . . . Ally Attacks . | . . . Total Damage . | . . . Kills . | . . . Allies Corrupted . | . . . Allies Melted . | . . . Intel | -11 -10 -10 ------- Run | Yrd Mat Sub Robot Analysis Total . | . . . Derelict Logs Recovered . | . . . Drone Launches . | . . . Drone Recoveries . | . . . Exploration | -11 -10 -10 ------------- Run | Yrd Mat Sub Turns Passed 1800 | 113 1515 172 Spaces Moved 957 | 87 780 90 Core 21 | 21 . . Treads 567 | . 477 90 Legs 369 | 66 303 . Wheels . | . . . Hover . | . . . Flight . | . . . Fastest Speed 50 | 50 120 160 Average Speed 154 | 103 159 160 Slowest Speed 190 | 120 190 160 Overloaded Moves . | . . . Propulsion Burnouts . | . . . Robots Hopped . | . . . Cave-ins Triggered . | . . . Exploration Rate (%) 35 | 6 89 10 Regions Visited 2 Branch Regions 1 Pre-discovered Areas . | . . . Known Exits Taken . | . . . Unknown Exits Taken 2 | 1 1 . Scrap Searched . | . . . Spaces Dug . | . . . Terrain Destroyed 56 | . 56 . Melee . | . . . Projectile . | . . . AOE 56 | . 56 . Terrain Rammed . | . . . Walls Destroyed . | . . . Machines Disabled . | . . . Actions | -11 -10 -10 --------- Run | Yrd Mat Sub Total 1136 | 104 923 109 Wait . | . . . Move 955 | 86 779 90 Hop . | . . . Pick Up 31 | 9 20 2 Fast Attach . | . . . Attach 10 | 5 5 . Detach . | . . . Swap 22 | 1 18 3 Drop 15 | . 10 5 Fire 100 | 3 88 9 Melee 2 | . 2 . Ram . | . . . Kick 1 | . 1 . Crush . | . . . Escape Stasis . | . . . Rewire . | . . . Trap . | . . . Miscellaneous . | . . . Route ------- -11/Scrapyard -10/Materials (discovered 6 exits: [*Mat x3] / [*Min x2] / [*Sub]) -10/Subcaves History --------- Turn | Location | Event 2 | -11/Scrapyard | Met Revision 17 85 | -11/Scrapyard | Discovered new exit (range 8) 114 | -11/Scrapyard | Entered Materials 312 | -10/Materials | Build established: Mutant 369 | -10/Materials | Repaired Aluminum Leg? 392 | -10/Materials | Discovered new exit (range 13) 624 | -10/Materials | Discovered new exit (range 7) 697 | -10/Materials | Lost 3 parts (1p1n1w) 777 | -10/Materials | Discovered new exit (range 9) 825 | -10/Materials | Core integrity fell below 50% 865 | -10/Materials | Discovered new exit (range 12) 910 | -10/Materials | Discovered new exit (range 8) 1313 | -10/Materials | Discovered new exit (range 3) 1629 | -10/Materials | Entered Subcaves 1779 | -10/Subcaves | Ambushed by swarm of Subdwellers 1792 | -10/Subcaves | Core integrity fell below 20% 1801 | -10/Subcaves | Destroyed by BY-8A6(R) with Subdweller Beam Cannon Last Messages --------------- Acquired 6 matter. A mess of Twisted Machinery falls from the cavern ceiling. ZA-ZF7(R) comes tumbling into view. 6F-WNC(h): "The Subs are coming!" ZU-EG7(R) emerges from the Twisted Machinery. K9-O5C(g): "Sorry we're late! Had another grouchy Sub to deal with. Who's the new fellow?" ZA-ZF7(R) suffers critical hit (Destroy). ZA-ZF7(R) destroyed. HV Slug penetrates 6M-H6I(R). 6M-H6I(R) suffers critical hit (Destroy). 6M-H6I(R) destroyed. HV Slug penetrates Wall. 6F-WNC(h) destroyed. ZU-EG7(R) heat damages Sub. Laser. Sub. Power Source melted. ZU-EG7(R) destroyed. [Achievement: First Step to Greatness] Map ----- +----------------------------------------------------+ | ?????????????????????????????????????????????????? | | ?????????????????????????????????????????????????? | | ?????????????????????????????????????????????????? | | ?????????????????????????????????????????????????? | | ?????????????????????????????????????????????????? | | ?????????????????????????????????????????????????? | | ?????????????????????????????????????????????????? | | ?????????????????????????????????????????????????? | | ?????????????????????????????????????????????????? | | ??????????????????###????????????????????????????? | | ??????????????????## ????????????????????????????? | | ??????????????????## ##?????????????????????????? | | ???????????????????? ###????????????????????????? | | ????????????????????? ##????????????????????????? | | ????????????????????# #????????????????????????? | | ?????????????###???### ?????????????????????????? | | ????????????### ???### #####????????????????????? | | ????????????### ### ######???????????????????? | | ????????????## ### ####??????????????????? | | ???????????### ####?????????????????? | | ???????????###" R! ;###?????????????????? | | ???????????## ???? R&%[""##?????????????????? | | ????????????? ?????## ]%!!""" ?????????????????? | | ????????????? " ?? #####!&R##????????????????????? | | ?????????????## ? ######!!##????????????????????? | | ?????????????## ## ####@###????????????????????? | | ??????????"??## ## ###g####???????????????????? | | ???????? """"## ##g! ###???????????????????? | | ???????? #"" ## ###??????????????????? | | ????????## ## ###??????????????????? | | ???????? ## ### ##??????????????????? | | ?????????#### ## #####??????????????????? | | ???? ""####### ### ??????????????????? | | ????""############ ##### "?????????????????????? | | ?????" "" ### ### #####???????????????????????? | | ?????? "" # ## ####????????????????????????? | | ?????"# # ## ###????????????????????????? | | ????##### # ##????????????????????????? | | ???#### ## ##????????????????????????? | | ???### # ###????????????????????????? | | ???## ## ### ###????????????????????????? | | ???## ##########?????????????????????????? | | ???### # # # ???????????????????????? | | ???### ???????????????????????? | | ????## # ????????????????????????? | | ????## ######????????????????????????? | | ???### #### #######????????????????????????? | | ?##### #### !####?????????????????????????? | | ##### ####### !!####????????????????????????? | | ### ####### !%*&####???????????????????????? | +----------------------------------------------------+ Best States ------------- Heat Dissipation 35 Energy Generation 15 Energy Capacity 250 Matter Stores 300 Matter Capacity 300 Sight Range 16 Robot Scan Range 14 Terrain Scan Density 10 ECM Strength 1 Resistance: KI 20 Resistance: TH 20 Resistance: EX 20 Resistance: EM 20 Resistance: I 20 Resistance: S 20 Resistance: P 20 Evasion (%) 55 Recoil Reduction 2 Offensive Hacking 10 Item Schematics ----------------- None Robot Schematics ------------------ None Fabricated ------------ Nothing Alien Tech Used ----------------- None Achievements -------------- Crack Shot First Step to Greatness One Hack Too Far Part-time Mechanic Shopping List Challenges ------------ None Game ------ Seed GravmagAluminumMicrothruster Manual? 0 Play Time 00:37:36 Cumulative 0.5 hours Start 2025.03.10 @ 11:53:15 End 2025.03.10 @ 12:31:36 Sessions 1 Manual Loads 0 Difficulty Adventurer Special Mode None Game No. 1 Rogue 0 Adventurer 1 Explorer 0 Win Type - Total 0 Types 0/0/0/0/0/0/0/0/0 Lore% 0 Gallery% 2 Achievement% 1 Wizard Run 0 Options --------- Layout 1 ASCII 0 Keyboard 0 Movement Mouse Keybinds 0 Fullscreen 1 Font 24/Smallcaps Map View 50x35 Zoom Use 0% Tactical HUD 0 Map Filters NONE Filters NONE Steam 0 RUN: 0a6df7ee-ded8-4d48-afb6-2d1d91f6e2da